 Dungeon Crawl Stone Soup version 0.18-b1-2-gd0c887e (webtiles) character file.

445 lildude2014 the Cutter (level 7, -4/44 HPs)
             Began as a Kobold Berserker on Apr 28, 2016.
             Was a Priest of Trog.
             Slain by dozzold's ghost (16 damage)
             ... on level 4 of the Dungeon.
             The game lasted 00:13:12 (4924 turns).

lildude2014 the Cutter (Kobold Berserker)           Turns: 4924, Time: 00:13:12

Health: -4/44      AC:  8    Str: 16      XL:     7   Next: 24%
Magic:  7/7        EV: 11    Int:  5 (7)  God:    Trog [***...]
Gold:   150        SH:  0    Dex: 13 (15) Spells: 0 memorised, 6 levels left

rFire  + . .     SeeInvis .     d - +1 dagger (venom)
rCold  . . .     Gourm    .     w - +2 leather armour {rF+}
rNeg   . . .     Faith    +     (shield restricted)
rPois  .         Spirit   .     (no helmet)
rElec  .         Dismiss  .     h - +0 cloak
rCorr  .         Reflect  .     m - +0 pair of gloves
SustAt .         Harm     .     A - +0 pair of boots
MR     .....                    v - amulet of faith
Stlth  +.........               (no ring)
                                r - ring of loudness (curse)

@: exhausted, not resistant to hostile enchantments, very unstealthy
A: carnivore 3
a: Berserk, Trog's Hand, Burn Spellbooks, Renounce Religion


You were on level 4 of the Dungeon.
You worshipped Trog.
Trog was most pleased with you.
You were not hungry.

You visited 1 branch of the dungeon, and saw 5 of its levels.

You collected 150 gold pieces.

Inventory:

Hand Weapons
 d - a +1 dagger of venom (weapon)
Armour
 h - a +0 cloak (worn)
 m - a +0 pair of gloves (worn)
 w - a +2 leather armour of fire resistance (worn)
 A - a +0 pair of boots (worn)
Jewellery
 r - a cursed ring of loudness (left hand)
 v - an amulet of faith (around neck)
 x - an uncursed amulet of harm {unknown}
Scrolls
 f - 2 scrolls of enchant weapon
 i - a scroll of teleportation {unknown}
 o - a scroll of random uselessness {unknown}
 p - a scroll of fog {unknown}
 s - 2 scrolls of remove curse {unknown}
 u - 2 scrolls of immolation {unknown}
 y - 3 scrolls of fear {unknown}
Potions
 a - a potion of invisibility {unknown}
 e - a potion of degeneration
 g - 2 potions of brilliance
 j - 2 potions of curing
 l - a potion of lignification
 n - a potion of flight {unknown}
 q - 3 potions of haste {unknown}
 t - a potion of mutation {unknown}
 z - 2 potions of agility {unknown}
Comestibles
 c - 3 meat rations


   Skills:
 + Level 4.7 Fighting
 * Level 6.8 Short Blades
 - Level 1.8 Armour
 + Level 5.0 Dodging
 + Level 3.1 Stealth


You had 6 spell levels left.
You didn't know any spells.

Dungeon Overview and Level Annotations

Branches:
Dungeon (5/15)
 Temple: D:4-7

Altars:
Gozag
Pakellas
Xom

Annotations:
D:4 dozzold's ghost, amateur TrMo


Innate Abilities, Weirdness & Mutations

You are small and have problems with some larger weapons.
You are carnivorous and can eat meat at any time.


Message History

The phantom hits you!
* * * LOW HITPOINT WARNING * * *
The phantom blinks!
The phantom blinks!
The phantom misses you.
You hit the phantom.
The phantom is moderately damaged.
The phantom blinks!
You feel yourself speed up.
The phantom blinks!
The phantom hits you but does no damage.
There is a stone staircase leading up here.
You can't go down here!
The phantom hits you but does no damage.
You climb upwards.
Level annotation: dozzold's ghost, amateur TrMo Dozzold's ghost closely misses you.
There is a stone staircase leading down here.
Dozzold's ghost hits you!
You die...

#..# #.#
#.#...######.#
##.###.#
#.#........#.#
#..##.#
#.#..#####.#.#
##.##.# #.#..# #.#..
#..#.#
#.#..#####.###
##.#.#
#.#........... #...#
#(#.######.##.
##W.###.#......#.##.
#W@....######.#.##.
######## #..†.#....
#.#..#####
#.#..#####
#.#.......
#.#.#####.
#.#.#####.
#.#)......
#.########


You could see a phantom and dozzold's ghost.

Vanquished Creatures
  A howler monkey (D:4)
  A crimson imp (D:4)
  2 orc priests (D:4)
  2 orc wizards (D:4)
  3 worker ants
  A howler monkey skeleton (D:4)
  8 adders
  An ooze (D:3)
  An adder skeleton (D:4)
  4 worms
  6 dart slugs
  3 giant geckos (D:1)
  6 orcs (D:4)
  2 ball pythons
  3 giant cockroaches
  11 goblins
  9 hobgoblins
  6 jackals
  A quokka (D:4)
  4 bats
  A giant gecko zombie (D:2)
  3 kobolds
  6 rats
85 creatures vanquished.

Notes
Turn   | Place    | Note
--------------------------------------------------------------
     0 | D:1      | lildude2014 the Kobold Berserker began the quest for the Orb.
     0 | D:1      | Reached XP level 1. HP: 14/14 MP: 1/1
   399 | D:1      | Reached XP level 2. HP: 13/19 MP: 2/2
   890 | D:1      | Reached XP level 3. HP: 21/23 MP: 3/3
  1002 | D:1      | Reached ** piety under Trog
  1352 | D:2      | Reached XP level 4. HP: 17/29 MP: 4/4
  1715 | D:2      | Reached skill level 5 in Short Blades
  2167 | D:3      | Found a shimmering altar of Xom.
  2177 | D:3      | Reached skill level 1 in Stealth
  2183 | D:3      | Reached XP level 5. HP: 25/33 MP: 5/5
  2373 | D:3      | Found an oddly glowing altar of Pakellas.
  3923 | D:4      | Found an opulent altar of Gozag.
  3997 | D:4      | Reached *** piety under Trog
  3997 | D:4      | Reached XP level 6. HP: 31/39 MP: 6/6
  4087 | D:4      | Reached skill level 6 in Short Blades
  4620 | D:4      | Reached XP level 7. HP: 44/44 MP: 7/7
  4722 | D:4      | Reached skill level 5 in Dodging
  4740 | D:4      | Noticed dozzold's ghost (amateur TrMo)
  4865 | D:5      | Entered Level 5 of the Dungeon
  4924 | D:4      | Slain by dozzold's ghost

Skill      XL: |  1  2  3  4  5  6  7 |
---------------+----------------------+-----
Fighting       | 4 |  4.7
Dodging        | 3 4 5 |  5.0
Short Blades   | 5 6 |  6.8
Stealth        | 1 2 3 |  3.1
Armour         | |  1.8

Action                   |  1- 3 |  4- 6 |  7- 9 || total
-------------------------+-------+-------+-------++-------
Melee: Dagger            |    62 |   270 |    40 ||   372
       Short sword       |     9 |       |       ||     9
Invok: Berserk           |     1 |     1 |     1 ||     3
  Use: Scroll            |       |     3 |       ||     3
       Potion            |       |     2 |     1 ||     3
 Stab: Sleeping          |     2 |     1 |       ||     3
  Eat: Chunk             |     9 |    10 |       ||    19
Armor: Animal skin       |     8 |       |       ||     8
       Leather armour    |       |    34 |     6 ||    40
Dodge: Dodged            |    39 |   163 |    29 ||   231
